AoeStats
← Moge

Hideout

508028042Analyzed
1v1 RM · 11d ago on Sep 20, 2026· 55m 35s· 2 players
Game mode
Random Map
Map size
Tiny (2 player)
Population
200
Speed
Normal
Resources
Standard
Victory
Conquest
Starting age
Dark Age
Ending age
Imperial Age
RankedLock teamsTeams togetherTeam positionsShared explorationLock speedFull tech treeHidden civsTurbo modeCheats
Victory
Defeat
🇺🇸 Mongols · United States
1010
+14
🇮🇳 Mongols · India
974
-14
Moge
8:52 Feudal Age
9:31 Double-Bit Axe
11:08 Horse Collar
13:21 Loom
16:36 Castle Age
17:33 Heavy Plow
18:24 Bow Saw
19:34 Wheelbarrow
19:12 Fletching
22:25 Hand Cart
22:44 Bodkin Arrow
22:59 Town Watch
24:28 Town Patrol
25:29 Bloodlines
26:26 Scale Barding Armor
27:46 Thumb Ring
33:13 Imperial Age
33:55 Heavy Cavalry Archer
36:50 Conscription
36:51 Bracer
37:11 Chain Barding Armor
39:00 Ballistics
39:41 Chemistry
40:20 Forging
47:22 Cavalier
48:03 Husbandry
49:47 Iron Casting
51:28 Blast Furnace
50:32 Gold Mining
53:44 Gold Shaft Mining
intex0nit
11:07 Feudal Age
15:50 Castle Age
13:38 Loom
14:45 Horse Collar
14:53 Double-Bit Axe
20:06 Heavy Plow
28:08 Imperial Age
25:44 Fletching
27:15 Ballistics
27:52 Gold Mining
28:47 Padded Archer Armor
31:14 Leather Archer Armor
32:15 Bodkin Arrow
34:56 Wheelbarrow
35:33 Chemistry
36:03 Bracer
36:53 Hand Cart
40:52 Conscription
42:41 Elite Skirmisher
43:29 Thumb Ring
46:31 Light Cavalry
52:25 Bloodlines
52:40 Husbandry
53:04 Bow Saw
53:22 Hussar
54:10 Scale Barding Armor
54:16 Forging
56:15 Chain Barding Armor
56:31 Iron Casting
Connection lost

Rejoining the realm…

Still unreachable

The connection could not be restored.

Session expired

The server has moved on; the page needs a fresh start.